 Dungeon Crawl Stone Soup version 0.30.0-13-g156ef70053 (webtiles) character file.

Game seed: 15902466785297915096

481 RascalDebosk the Magician (level 7, 0/51 HPs)
             Began as a Djinni Conjurer on May 17, 2023.
             Slain by FrenchFrogFromFrance's ghost (9 damage)
             ... on level 3 of the Dungeon.
             The game lasted 00:24:07 (2940 turns).

RascalDebosk the Magician (Djinni Conjurer)         Turns: 2940, Time: 00:24:07

Health: 0/51       AC:  4    Str:  6    XL:     7   Next: 34%
Gold:   105        EV: 12    Int: 22    God:
                   SH:  0    Dex: 11

rFire   + + .        p - +0 rapier
rCold   x . .        (no shield)
rNeg    . . .        a - +0 robe
rPois   ∞            t - +0 helmet
rElec   .            (no cloak)
rCorr   .            h - +0 pair of gloves
SInv    .            (boots unavailable)
Will    .....        (no amulet)
Stlth   ++           (no ring)
HPRegen 0.28/turn    (no ring)
MPRegen 0.00/turn

%: infuse magic (-1 HP)
@: flying, very slightly contaminated
A: sickness immunity, fire resistance 2, cold vulnerability 1, float, innate
caster, HP casting, extra vitality 1
a: no special abilities


You were on level 3 of the Dungeon.
You visited 1 branch of the dungeon, and saw 3 of its levels.
You also visited: Sewer.

You collected 105 gold pieces.

Inventory:

Hand Weapons
 p - a +0 rapier (weapon)
Missiles
 y - a throwing net {@!f}
Armour
 a - a +0 robe (worn)
 h - a +0 pair of gloves (worn)
 t - a +0 helmet (worn)
Scrolls
 b - 2 scrolls of enchant weapon {unknown}
 d - 5 scrolls of vulnerability {unknown}
 e - a scroll of amnesia {unknown}
 j - 4 scrolls of teleportation {unknown}
 k - a scroll of immolation {unknown}
 n - a scroll of silence {unknown}
 u - 2 scrolls of blinking {unknown}
 v - a scroll of enchant armour {unknown}
 x - a scroll of magic mapping {unknown}
 z - a scroll of poison {unknown}
 A - a scroll of identify {unknown}
Potions
 c - 2 potions of haste {unknown}
 f - a potion of ambrosia {unknown}
 g - a potion of lignification {unknown}
 i - a potion of degeneration {unknown}
 l - 2 potions of attraction {unknown}
 m - a potion of heal wounds {unknown}
 o - 2 potions of curing {unknown}
 q - a potion of experience {unknown}
 r - a potion of resistance {unknown}
 s - 2 potions of invisibility {unknown}
 w - a potion of might {unknown}


   Skills:
 * Level 3.9 Fighting
 + Level 2.3 Short Blades
 - Level 2.1 Dodging
 - Level 1.5 Stealth
 * Level 5.1 Spellcasting


You knew the following spells:

 Your Spells              Type           Power      Damage    Failure   Level
a - Magic Dart            Conj           100%       1d8       1%          1
b - Searing Ray           Conj           56%        2d6       1%          2
c - Dazzling Flash        Conj/Hex       56%        N/A       3%          3
d - Fulminant Prism       Conj/Hex       14%        3d9       12%         4
e - Iskenderun's Mystic   Conj/Tloc      28%        2d7       12%         4
f - Necrotise             Necr           100%       1d9       1%          1
g - Lesser Beckoning      Tloc           56%        N/A       1%          2
h - Swiftness             Air            28%        N/A       3%          3
Your spell library was empty.

Dungeon Overview and Level Annotations

Branches:
Dungeon (3/15)              Sewer (visited)

Altars:

Annotations:
D:3 FrenchFrogFromFrance's ghost, amateur HOMo


Innate Abilities, Weirdness & Mutations

You are immune to sickness and miasma.
You are immune to poison.
Your flesh is very heat resistant. (rF++)
You are vulnerable to cold. (rC-)
You float through the air rather than walking.
You learn spells naturally, not from books.
Your magical power is your life essence.
You have superior vitality. (+4 MHP)


Message History

You kill the rat!
You now have 94 gold pieces (gained 15).
A - a scroll labelled GAGRA XACIMON
Found a quarterstaff.
You now have 105 gold pieces (gained 11).
Found a runed translucent door.
FrenchFrogFromFrance's ghost turns its malevolent gaze towards you.
The adder hisses angrily.
You reach down and open the door.
Casting: Magic Dart (safe; 1% risk of failure)
Confirm with . or Enter, or press ? or * to list all spells.
The spell is quite dangerous to miscast (12% risk of failure)!
Continue anyway?
Aiming: Fulminant Prism (quite dangerous; 12% risk of failure)
Press: ? - help, Dir - move target You conjure a prism of explosive energy!
A fulminant prism comes into view.
Your fulminant prism crackles loudly.
Casting: Fulminant Prism (quite dangerous; 12% risk of failure)
Confirm with . or Enter, or press ? or * to list all spells.
The spell is quite dangerous to miscast (12% risk of failure)!
Continue anyway?
You erupt in a blast of force!
The mystic blast hits FrenchFrogFromFrance's ghost but does no damage.
The mystic blast hits the adder!
The adder is severely wounded.
The adder is knocked back by the mystic blast.
Your fulminant prism explodes!
The blast of energy engulfs the giant cockroach!
You kill the giant cockroach!
The blast of energy engulfs the worm!
The worm is heavily wounded.
The blast of energy engulfs the adder!!
You kill the adder!
The blast of energy engulfs FrenchFrogFromFrance's ghost!
FrenchFrogFromFrance's ghost is moderately damaged.
The blast of energy engulfs the giant cockroach!
You kill the giant cockroach!
Casting: Iskenderun's Mystic Blast (quite dangerous; 12% risk of failure)
Confirm with . or Enter, or press ? or * to list all spells.
The spell is quite dangerous to miscast (12% risk of failure)!
Continue anyway?
You erupt in a blast of force!
The mystic blast hits FrenchFrogFromFrance's ghost but does no damage.
FrenchFrogFromFrance's ghost is moderately damaged.
FrenchFrogFromFrance's ghost hits you but does no damage.
Casting: Iskenderun's Mystic Blast (quite dangerous; 12% risk of failure)
Confirm with . or Enter, or press ? or * to list all spells.
The spell is quite dangerous to miscast (12% risk of failure)!
Continue anyway?
You erupt in a blast of force!
The mystic blast hits FrenchFrogFromFrance's ghost but does no damage.
FrenchFrogFromFrance's ghost is moderately damaged.
FrenchFrogFromFrance's ghost hits you.
FrenchFrogFromFrance's ghost hits you but does no damage.
Casting: Iskenderun's Mystic Blast (quite dangerous; 12% risk of failure)
Confirm with . or Enter, or press ? or * to list all spells.
The spell is quite dangerous to miscast (12% risk of failure)!
Continue anyway?
You erupt in a blast of force!
The mystic blast hits the worm.
The worm is severely wounded.
The worm is knocked back by the mystic blast.
The mystic blast hits FrenchFrogFromFrance's ghost.
FrenchFrogFromFrance's ghost is moderately damaged.
FrenchFrogFromFrance's ghost is knocked back by the mystic blast.
Casting: Iskenderun's Mystic Blast (quite dangerous; 12% risk of failure)
Confirm with . or Enter, or press ? or * to list all spells.
The spell is quite dangerous to miscast (12% risk of failure)!
Continue anyway?
You erupt in a blast of force!
The mystic blast hits FrenchFrogFromFrance's ghost but does no damage.
FrenchFrogFromFrance's ghost is moderately damaged.
* * * LOW HITPOINT WARNING * * *
FrenchFrogFromFrance's ghost closely misses you.
Casting: Iskenderun's Mystic Blast (quite dangerous; 12% risk of failure)
Confirm with . or Enter, or press ? or * to list all spells.
The spell is quite dangerous to miscast (12% risk of failure)!
Continue anyway? [Y]es or [N]o only, please.
The spell is quite dangerous to miscast (12% risk of failure)!
Continue anyway?
You miscast Iskenderun's Mystic Blast.
You are very lightly contaminated with residual magic.
Nothing appears to happen.
* * * LOW HITPOINT WARNING * * *
FrenchFrogFromFrance's ghost hits you.
* * * LOW HITPOINT WARNING * * *
Casting: Iskenderun's Mystic Blast (quite dangerous; 12% risk of failure)
Confirm with . or Enter, or press ? or * to list all spells.
The spell is quite dangerous to miscast (12% risk of failure)!
Continue anyway?
You miscast Iskenderun's Mystic Blast.
Nothing appears to happen.
* * * LOW HITPOINT WARNING * * *
FrenchFrogFromFrance's ghost closely misses you.
Casting: Iskenderun's Mystic Blast (quite dangerous; 12% risk of failure)
Confirm with . or Enter, or press ? or * to list all spells.
The spell is quite dangerous to miscast (12% risk of failure)!
Continue anyway?
You erupt in a blast of force!
The mystic blast hits FrenchFrogFromFrance's ghost.
FrenchFrogFromFrance's ghost is heavily damaged.
FrenchFrogFromFrance's ghost is knocked back by the mystic blast.
* * * LOW HITPOINT WARNING * * *
FrenchFrogFromFrance's ghost closely misses you.
FrenchFrogFromFrance's ghost attacks as you move away!
FrenchFrogFromFrance's ghost hits you but does no damage.
FrenchFrogFromFrance's ghost says very slowly, "There's no hope."
FrenchFrogFromFrance's ghost attacks as you move away!
FrenchFrogFromFrance's ghost hits you!
You die...

##########
#..........# ########
#..........# #...W@.#
#..........#
###.##..###..........#
##.w.#
#..............#
#....##
####...........
##'##.# #..........#
#~~~#.### ##.....###
#~~~#...## ###.#....
#~~~###..# #.####.
#~~~####.######
#...###


You could see a worm and FrenchFrogFromFrance's ghost.

Vanquished Creatures
  2 bullfrogs (Sewer)
  An orc priest (D:3)
  6 gnolls
  8 adders
  5 river rats
  6 worms
  3 orcs (D:3)
  5 bats
  10 endoplasms
  8 giant cockroaches
  5 goblins
  4 hobgoblins
  7 jackals
  11 kobolds
  3 quokkas
  20 ball pythons
  5 frilled lizards
  39 rats
148 creatures vanquished.

Vanquished Creatures (others)
  4 fulminant prisms
4 creatures vanquished.

Grand Total: 152 creatures vanquished

Notes
Turn   | Place    | Note
-------+----------+-------------------------------------------
     0 | D:1      | RascalDebosk the Djinni Conjurer began the quest for the
                  | Orb.
     0 | D:1      | RascalDebosk set off with the following spells memorised:
                  | Magic Dart, Searing Ray, Dazzling Flash, Fulminant Prism,
                  | Iskenderun's Mystic Blast.
     0 | D:1      | Reached XP level 1. HP: 15/15 MP: 0/0
    59 | D:1      | Reached XP level 2. HP: 20/21 MP: 0/0
   280 | D:1      | Found a faded altar of an unknown god.
   349 | D:1      | Reached XP level 3. HP: 24/25 MP: 0/0
   349 | D:1      | Learned a level 1 spell: Necrotise
   500 | D:1      | Reached skill level 4 in Spellcasting
   892 | D:1      | You are sucked into a shaft and drop 1 floor!
  1088 | D:2      | Reached XP level 4. HP: 24/31 MP: 0/0
  1109 | D:2      | Reached skill level 1 in Fighting
  1503 | D:2      | Reached skill level 1 in Short Blades
  1548 | D:2      | Reached XP level 5. HP: 36/38 MP: 0/0
  1548 | D:2      | Learned a level 2 spell: Lesser Beckoning
  1979 | D:3      | Reached XP level 6. HP: 23/45 MP: 0/0
  1986 | D:3      | HP: 2/45 [orc priest/nerve-wracking pain (2)]
  2085 | D:3      | Found a glowing drain.
  2097 | Sewer    | Entered a sewer
  2616 | Sewer    | Reached skill level 5 in Spellcasting
  2616 | Sewer    | Reached XP level 7. HP: 13/51 MP: 0/0
  2616 | Sewer    | Learned a level 3 spell: Swiftness
  2922 | D:3      | Found a runed translucent door.
  2922 | D:3      | Noticed FrenchFrogFromFrance's ghost (amateur HOMo)
  2940 | D:3      | Slain by FrenchFrogFromFrance's ghost

Illustrated notes

Levels and vault maps discovered:
D:1:      giann_forest_graveyard, layout_basic,
          hellmonk_ecumenical_altar_pennies_from_heaven, serial_curves,
          eino_curves_04, eino_curves_03
D:2:      layout_basic, grunt_ministairs_5, kennysheep_path_1
D:3:      layout_rooms, ebering_ghost_sewer_f, portal_sewer_entry_a

Skill      XL: |  1  2  3  4  5  6 |
---------------+-------------------+-----
Spellcasting   | 4 5 |  5.1
Fighting       | 1 2 3 |  3.9
Short Blades   | 1 2 |  2.3
Dodging        | |  2.1
Stealth        | |  1.5

Action                     |  1- 3 |  4- 6 |  7- 9 || total
---------------------------+-------+-------+-------++-------
  Melee: Unarmed           |     6 |       |       ||     6
         Dagger            |     4 |     5 |       ||     9
   Cast: Magic Dart        |    55 |   111 |    13 ||   179
         Searing Ray       |     8 |    10 |     1 ||    19
         Dazzling Flash    |     1 |       |       ||     1
         Iskenderun's Myst |       |    11 |     6 ||    17
         Fulminant Prism   |       |     3 |     1 ||     4
   Stab: Invisible         |     2 |       |       ||     2
 Armour: Robe              |     3 |     5 |     3 ||    11
  Dodge: Dodged            |    12 |    21 |     3 ||    36
